 Dungeon Crawl Stone Soup version 0.29.1-13-g9f3cf754e1 (webtiles) character file.

Game seed: 3121932498401517719

438 hbarley the Chopper (level 7, -3/60 HPs)
             Began as a Hill Orc Fighter on Feb 2, 2023.
             Slain by Pikel
             ... wielding a +0 whip of freezing
              (6 damage)
             ... on level 4 of the Dungeon.
             The game lasted 00:06:59 (3813 turns).

hbarley the Chopper (Hill Orc Fighter)              Turns: 3813, Time: 00:07:00

Health: -3/60      AC:  9    Str: 19    XL:     7   Next: 1%
Magic:  7/7        EV:  9    Int:  8    God:
Gold:   128        SH:  5    Dex: 12    Spells: 6/6 levels left

rFire   . . .      SeeInvis .   a - +0 war axe
rCold   . . .      Faith    .   c - +0 buckler
rNeg    . . .      Spirit   .   b - +0 scale mail
rPois   .          Reflect  .   t - +1 hat
rElec   .          Harm     .   i - +0 cloak
rCorr   .          Rampage  .   (no gloves)
Will    .....                   (no boots)
Stlth   ..........              (no amulet)
HPRegen 0.20/turn               (no ring)
MPRegen 0.10/turn               (no ring)

@: mighty
A: no striking features
a: no special abilities


You were on level 4 of the Dungeon.
You visited 1 branch of the dungeon, and saw 4 of its levels.

You collected 128 gold pieces.

Inventory:

Hand Weapons
 a - a +0 war axe (weapon)
Missiles
 g - 12 poisoned darts (quivered)
Armour
 b - a +0 scale mail (worn)
 c - a +0 buckler (worn)
 i - a +0 cloak (worn)
 t - a +1 hat (worn)
Wands
 k - a wand of roots (3)
 l - a wand of digging (3)
 m - a wand of polymorph (8)
Scrolls
 e - 2 scrolls of amnesia {unknown}
 f - a scroll of enchant weapon {unknown}
 j - 2 scrolls of vulnerability {unknown}
 n - a scroll of magic mapping {unknown}
 o - 3 scrolls of noise {unknown}
 r - a scroll of blinking {unknown}
 s - a scroll of teleportation {unknown}
 u - a scroll of immolation {unknown}
Potions
 h - 3 potions of brilliance {unknown}
 p - a potion of heal wounds {unknown}
 q - a potion of ambrosia {unknown}


   Skills:
 + Level 4.7 Fighting
 + Level 7.1 Axes
 + Level 4.8 Armour
 + Level 0.6 Dodging
 + Level 4.0 Shields


You had 6 spell levels left.
You didn't know any spells.
Your spell library contained the following spells:

 Spells                   Type           Power      Damage    Failure   Level
 Call Canine Familiar     Summ           0%         N/A       99%         3
 Portal Projectile        Hex/Tloc       0%         N/A       99%         3
 Leda's Liquefaction      Hex/Erth       0%         N/A       100%        4


Dungeon Overview and Level Annotations

Branches:
Dungeon (4/15)
 Temple: D:4-7

Altars:
Makhleb

Shops:
D:2 *   D:3 ?

Annotations:
D:4 Pikel


Message History

Pikel hits you with a +0 whip of freezing.
Pikel freezes you.
You closely miss Pikel.
Pikel hits you with a +0 whip of freezing!
Pikel freezes you.
You slash Pikel!
Pikel is moderately wounded.
Pikel barely misses you. You block Pikel's attack.
You hit Pikel but do no damage.
Pikel is moderately wounded.
Pikel closely misses you.
You slash Pikel!
Pikel is heavily wounded.
You hit the ogre. The ogre barely misses you.
Pikel hits you with a +0 whip of freezing.
Pikel freezes you.
You slash Pikel!
Pikel is almost dead.
You hit the ogre. Pikel hits you but does no damage.
The ogre barely misses you.
You completely miss Pikel.
Pikel is almost dead.
You hit the ogre. Pikel misses you.
You completely miss Pikel.
Pikel is almost dead.
You hit the ogre. The ogre hits you with a +0 giant club!
You block Pikel's attack.
A lemure comes into view.
Pikel closely misses you.
The lemure shouts!
You feel very mighty all of a sudden.
The ogre hits you with a +0 giant club!!
* * * LOW HITPOINT WARNING * * *
Pikel hits you but does no damage.
You barely miss Pikel.
Pikel is almost dead.
You barely miss the ogre. The ogre hits you with a +0 giant club.
* * * LOW HITPOINT WARNING * * *
Pikel hits you with a +0 whip of freezing.
You die...

#.........# #########
##.#######.#######........
#..................#######
^..##############.### ##.#
#.....######. #.#
###.###.#...... ##.# ...
#...# ##.# .##K###.###
##.# .. #.@...# #..# #
###O### #.###### #g#
#......# #5# #..###.# #..
...# ..# #..###.# #..
.......# #.. #..#.### #..


You could see Pikel, an ogre, a lemure and a goblin.

Vanquished Creatures
  A phantom (D:4)
  2 lemures (D:4)
  A howler monkey (D:4)
  A hound (D:4)
  An orc priest (D:4)
  Jessica (D:2)
  2 iguanas (D:4)
  An orc wizard (D:4)
  7 adders
  3 worms (D:3)
  A dart slug (D:2)
  7 orcs
  3 bats
  5 endoplasms
  9 giant cockroaches
  9 goblins
  8 hobgoblins
  5 jackals
  2 quokkas
  5 ball pythons
  3 frilled lizards
  12 kobolds
  6 rats
95 creatures vanquished.

Vanquished Creatures (others)
  2 fungi (D:1)
2 creatures vanquished.

Grand Total: 97 creatures vanquished

Notes
Turn   | Place    | Note
-------+----------+-------------------------------------------
     0 | D:1      | hbarley the Hill Orc Fighter began the quest for the Orb.
     0 | D:1      | Reached XP level 1. HP: 19/19 MP: 1/1
   101 | D:1      | Reached XP level 2. HP: 27/27 MP: 2/2
   218 | D:1      | Reached skill level 3 in Axes
   240 | D:1      | Reached XP level 3. HP: 23/33 MP: 3/3
   552 | D:1      | Found a faded altar of an unknown god.
   706 | D:2      | Found a burning altar of Makhleb.
   972 | D:2      | Noticed Jessica
   976 | D:2      | Killed Jessica
   977 | D:2      | Reached skill level 4 in Axes
   977 | D:2      | Reached XP level 4. HP: 32/41 MP: 4/4
  1517 | D:2      | Reached XP level 5. HP: 44/47 MP: 5/5
  1582 | D:2      | Found Luivorim's General Store.
  1973 | D:3      | Found Buniunwe's Weapon Shop.
  1982 | D:3      | Reached skill level 5 in Axes
  2088 | D:3      | Found Inlapsaun's Magic Scroll Emporium.
  3507 | D:4      | Reached XP level 6. HP: 47/53 MP: 6/6
  3514 | D:4      | Reached skill level 6 in Axes
  3671 | D:4      | Reached skill level 7 in Axes
  3785 | D:4      | Reached XP level 7. HP: 60/60 MP: 7/7
  3801 | D:4      | Noticed Pikel
  3813 | D:4      | HP: 3/60 [ogre/+0 giant club (3)]
  3813 | D:4      | Slain by Pikel

Illustrated notes

Levels and vault maps discovered:
D:1:      dpeg_arrival_fog, layout_rooms, shapermc_ecumenical_altar_ellora,
          chequers_garden
D:2:      layout_basic, basic_altar, serial_shops, shop, uniq_jessica
D:3:      layout_basic, serial_shops, nicolae_shop_waterfront,
          nicolae_shop_crystal, gup_sewer_entry_spiral, minmay_unequal
D:4:      layout_loops_ring, uniq_edmund, uniq_pikel

Skill      XL: |  1  2  3  4  5  6 |
---------------+-------------------+-----
Fighting       | 4 |  4.7
Axes           | 3 4 5 7 |  7.1
Shields        | 4 |  4.0
Armour         | 4 |  4.8
Dodging        | |  0.6

Action                   |  1- 3 |  4- 6 |  7- 9 || total
-------------------------+-------+-------+-------++-------
Melee: War axe           |    79 |   193 |    24 ||   296
  Use: Potion            |       |       |     1 ||     1
Armor: Scale mail        |    41 |    83 |     5 ||   129
Dodge: Dodged            |    49 |    74 |    13 ||   136
Block: Buckler           |    20 |    54 |     4 ||    78
